 Dungeon Crawl Stone Soup version 0.17.0-1-g61d176b (console) character file.

11 gw the Charlatan (level 2, -6/21 HPs)
             Began as a Human Artificer on Nov 8, 2015.
             Mangled by a worm (7 damage)
             ... on level 2 of the Dungeon.
             The game lasted 00:00:44 (989 turns).

gw the Charlatan (Human Artificer)                   Turns: 989, Time: 00:00:44

Health: -6/21      AC:  5    Str: 11    XL:     2   Next: 35%
Magic:  4/4        EV: 10    Int: 12    God:
Gold:   36         SH:  0    Dex: 13    Spells: 0 memorised, 1 level left

rFire  . . .     SeeInvis .     a - +0 short sword
rCold  . . .     Clarity  .     g - +0 ring mail
rNeg   . . .     SustAt   .     (no shield)
rPois  .         Gourm    .     (no helmet)
rElec  .         Spirit   .     (no cloak)
rCorr  .         Warding  .     (no gloves)
rMut   .         Stasis   .     (no boots)
MR     .....                    (no amulet)
Stlth  +.........               (no ring)
                                (no ring)

@: not resistant to hostile enchantments, very unstealthy
A: no striking features
a: no special abilities


You were on level 2 of the Dungeon.
You were not hungry.

You visited 1 branch of the dungeon, and saw 2 of its levels.

You collected 36 gold pieces.

Inventory:

Hand Weapons
 a - a +0 short sword (weapon)
Missiles
 b - 18 bolts
Armour
 g - a +0 ring mail (worn)
Wands
 c - a wand of flame (15)
 d - a wand of enslavement (15)
 e - a wand of random effects (15)
Comestibles
 f - a bread ration


   Skills:
 + Level 1.5 Fighting
 - Level 1.0 Short Blades
 + Level 0.8 Armour
 - Level 2.0 Dodging
 - Level 1.0 Stealth
 + Level 3.2 Evocations


You had one spell level left.
You didn't know any spells.

Dungeon Overview and Level Annotations

Branches:
Dungeon (2/15)

Altars:


Message History

FLEEEEING!
ATTACKING (0,-1)
You hit the worm.
The worm is moderately wounded.
Unknown command.
Unknown command.
Unknown command.
Unknown command.
FLEEEEING!
ATTACKING (0,-1)
Your ring mail prevents you from hitting the worm.
The worm is moderately wounded.
The worm barely misses you.
Unknown command.
Unknown command.
Unknown command.
Unknown command.
MOVING TO (-1,-7)
The worm bites you!
You die...

.>##.#####..#....
#..$.......[..#
#####...#######
#...# ###...##
#......# #......#
#......# #....pw#
#......# ########


You could see a worm.

Table legend:
 A = Turns spent in this place as a percentage of turns spent in the entire game.
 B = Non-inter-level travel turns spent in this place as a percentage of non-inter-level travel turns spent in the entire game.
 C = Inter-level travel turns spent in this place as a percentage of turns spent in this place.
 D = Turns resting spent in this place as a percentage of non-inter-level travel turns spent in this place.
 E = Turns spent auto-exploring this place as a percentage of non-inter-level travel turns spent in this place.
 F = Non-inter-level travel turns spent in this place divided by the number of levels of this place that you've seen.
                   A       B       C       D       E      F
               +-------+-------+-------+-------+-------+----------------------
         Total | 100.0 | 100.0 |   0.1 |   0.8 |   2.2 | 522.0
       Dungeon | 100.0 | 100.0 |   0.1 |   0.8 |   2.2 | 522.0
               +-------+-------+-------+-------+-------+----------------------

Table legend:
 A = Kills in this place as a percentage of kills in entire the game.
 B = Kills by you in this place as a percentage of kills by you in the entire game.
 C = Kills by friends in this place as a percentage of kills by friends in the entire game.
 D = Other kills in this place as a percentage of other kills in the entire game.
 E = Experience gained in this place as a percentage of experience gained in the entire game.
 F = Experience gained in this place divided by the number of levels of this place that you have seen.
                   A       B       C       D       E      F
               +-------+-------+-------+-------+-------+----------------------
         Total | 100.0 | 100.0 |  -nan |  -nan | 100.0 |   8.0
       Dungeon | 100.0 | 100.0 |  -nan |  -nan | 100.0 |   8.0
               +-------+-------+-------+-------+-------+----------------------

Vanquished Creatures
  A giant gecko (D:1)
  A bat (D:1)
  A giant cockroach (D:1)
  A goblin (D:1)
  3 hobgoblins (D:1)
  A giant newt (D:2)
8 creatures vanquished.

Notes
Turn   | Place    | Note
--------------------------------------------------------------
     0 | D:1      | gw the Human Artificer began the quest for the Orb.
     0 | D:1      | Reached XP level 1. HP: 15/15 MP: 3/3
     3 | D:1      | Noticed an electric eel
     3 | D:1      | Noticed an electric eel
   445 | D:1      | Reached XP level 2. HP: 15/21 MP: 4/4
   986 | D:2      | HP: 1/21 [worm (2)]
   989 | D:2      | Mangled by a worm

Action                   || total
-------------------------++-------
Melee: Short sword       ||    65
 Stab: Sleeping          ||     1

Vault maps used:
D:1:      arrival_aquarium_b
D:2:      first_bread, kennysheep_generic_room_14
